 Dungeon Crawl Stone Soup version 0.17-a0-2073-gde5cdba (webtiles) character file.

23 Flutters the Cudgeler (level 2, 0/29 HPs)
             Began as a Troll Berserker on Oct 14, 2015.
             Was a Believer of Trog.
             Killed from afar by Sigmund (8 damage)
             ... with a wand of flame
             ... on level 2 of the Dungeon.
             The game lasted 00:15:39 (1457 turns).

Flutters the Cudgeler (Troll Berserker)             Turns: 1457, Time: 00:15:39

Health: 0/29       AC:  5    Str: 24    XL:     2   Next: 72%
Magic:  1/1        EV: 10    Int:  3    God:    Trog [**....]
Gold:   69         SH:  0    Dex:  9    Spells: 0 memorised, 1 level left

rFire  . . .     SeeInvis .     a - +0 mace
rCold  . . .     Clarity  .     b - +0 animal skin
rNeg   . . .     SustAt   .     (no shield)
rPois  .         Gourm    +     (helmet restricted)
rElec  .         Spirit   .     (no cloak)
rCorr  .         Warding  .     (gloves unavailable)
rMut   .         Stasis   .     (boots unavailable)
MR     .....                    (no amulet)
Stlth  +.........               (no ring)
                                (no ring)

@: not resistant to hostile enchantments, very unstealthy
A: unfitting armour, claws 3, fast metabolism 3, gourmand, regeneration 2,
shaggy fur 1, tough skin 2
a: Burn Spellbooks, Berserk, Trog's Hand, Renounce Religion


You were on level 2 of the Dungeon.
You worshipped Trog.
Trog was pleased with you.
You were very full.

You visited 1 branch of the dungeon, and saw 2 of its levels.

You collected 69 gold pieces.

Inventory:

Hand Weapons
 a - a +0 mace (weapon)
 d - a +0 club
 k - a +0 whip
 n - a +0 short sword
 o - a +0 club
 r - a cursed -2 club
 s - a +0 hunting sling
 u - a +0 dagger
 A - a +0 short sword
Missiles
 g - 40 stones (quivered)
 i - 17 poisoned needles
 j - 26 sling bullets
 v - 6 large rocks
 w - 23 arrows
Armour
 b - a +0 animal skin (worn)
Jewellery
 y - a cursed ring of teleportation {unknown}
Wands
 e - a wand of confusion (27)
Scrolls
 c - a scroll of enchant weapon {unknown}
 l - a scroll of blinking {unknown}
 x - a scroll of random uselessness {unknown}
Potions
 f - 2 potions of might {unknown}
 h - 2 potions of degeneration {unknown}
 m - a potion of agility {unknown}
 p - a potion of cancellation {unknown}
 q - a potion of heal wounds {unknown}
 z - 2 potions of invisibility {unknown}
 B - a potion of poison {unknown}
Comestibles
 t - a bread ration


   Skills:
 + Level 2.7 Fighting
 * Level 3.3 Maces & Flails
 - Level 2.4 Dodging


You had one spell level left.
You didn't know any spells.

Dungeon Overview and Level Annotations

Branches:
Dungeon (2/15)

Altars:

Annotations:
D:2 Sigmund


Innate Abilities, Weirdness & Mutations

You are too large for most types of armour.
You have claws for hands.
Your metabolism is lightning-fast.
You like to eat raw meat.
You heal very quickly.
You are covered in fur (AC +1).
You have very tough skin (AC +2).


Message History

The quokka bites you.
You hit the quokka.
You kill the quokka!
Trog accepts your kill.
You see here a quokka corpse.
Sigmund shouts!
Sigmund points at you and mumbles some strange words.
You resist with significant effort.
Sigmund zaps a wand.
The puff of flame hits you!
It is a wand of flame.
You hit Sigmund.
Sigmund is moderately wounded.
Sigmund zaps a wand.
The puff of flame hits you!
You barely miss Sigmund.
Sigmund is moderately wounded.
Sigmund hits you with a scythe.
* * * LOW HITPOINT WARNING * * *
You hit Sigmund but do no damage.
Sigmund is moderately wounded.
Sigmund zaps a wand.
The puff of flame hits you!
You die...

#.(................
#.(.†####'#..######
#....##...........
#....##.......#...
#.....+.......# ...
####.##.......#####
#+#####........ ...
#...##################
....###..>@@................
.........###################
.........'.....#
.........#####.# ##########
#.# #.# ##### #.# #....
######'#########.###
#................# #


You could see Sigmund.

Vanquished Creatures
  2 giant geckos
  5 goblins (D:1)
  A hobgoblin (D:1)
  4 kobolds
  A quokka (D:2)
  4 bats
  A giant cockroach (D:2)
  4 rats
22 creatures vanquished.

Notes
Turn   | Place    | Note
--------------------------------------------------------------
     0 | D:1      | Flutters the Troll Berserker began the quest for the Orb.
     0 | D:1      | Reached XP level 1. HP: 22/22 MP: 0/0
   356 | D:1      | Reached skill level 3 in Maces & Flails
   360 | D:1      | Reached XP level 2. HP: 29/29 MP: 1/1
  1233 | D:2      | Noticed Sigmund
  1402 | D:2      | Reached ** piety under Trog
  1457 | D:2      | Killed from afar by Sigmund

Vault maps used:
D:1:      matt_arrival_grand_opening
D:2:      first_bread, uniq_sigmund

Action                   || total
-------------------------++-------
Melee: Mace              ||    59
Throw: Stone             ||     1
  Eat: Bread ration      ||     4
       Meat ration       ||     1
       Pizza             ||     1
       Beef jerky        ||     1
